 Dungeon Crawl Stone Soup version 0.28-a0-851-g8b9cc49659 (webtiles) character file.

Game seed: 3611854496615415321

3672 zeram the Covert (level 10, -4/63 HPs)
             Began as an Octopode Fighter on Nov 15, 2021.
             Was an Initiate of Dithmenos.
             Shot with an arrow by a centaur (8 damage)
             ... on level 8 of the Dungeon.
             The game lasted 00:15:53 (9889 turns).

zeram the Covert (Octopode Fighter)                 Turns: 9889, Time: 00:15:54

Health: -4/63      AC:  1    Str: 15    XL:     10   Next: 13%
Magic:  10/10      EV: 16    Int: 15    God:    Dithmenos [......]
Gold:   409        SH:  5    Dex: 11    Spells: 9/9 levels left

rFire   . . .      SeeInvis .   h - +2 dagger (venom)
rCold   . . .      Faith    .   b - +0 buckler
rNeg    . . .      Spirit   .   (helmet restricted)
rPois   .          Reflect  .   (no amulet)
rElec   .          Harm     .   g - ring of willpower
rCorr   .          Rampage  .   (no ring)
Will    +....                   (no ring)
Stlth   +++++++...              (no ring)
HPRegen 0.20/turn               (no ring)
MPRegen 0.12/turn               (no ring)
                                (no ring)
                                (no ring)

@: about to teleport
A: almost no armour, amphibious, 8 rings, camouflage 1, gelatinous body 1,
(nimble swimmer 1), tentacles
a: Renounce Religion


You were on level 8 of the Dungeon.
You worshipped Dithmenos.
Dithmenos was noncommittal.
You visited 2 branches of the dungeon, and saw 9 of its levels.

You collected 409 gold pieces.

Inventory:

Hand Weapons
 a - a +0 rapier
 h - a +2 dagger of venom (weapon)
 l - a +0 dagger of electrocution
Missiles
 t - 8 poisoned darts (quivered)
Armour
 b - a +0 buckler (worn)
Jewellery
 c - a ring of fire
 g - a ring of willpower (left tentacle)
 n - a ring of willpower
Wands
 e - a wand of flame (18)
 q - a wand of paralysis (10)
Scrolls
 f - 2 scrolls of fear
 o - 3 scrolls of identify
 p - a scroll of amnesia
 r - 2 scrolls of magic mapping {unknown}
 v - 3 scrolls of blinking
Potions
 d - 3 potions of cancellation
 i - a potion of haste
 j - 2 potions of might
 k - a potion of invisibility
 m - 2 potions of brilliance
 s - 2 potions of ambrosia {unknown}


   Skills:
 - Level 3.0 Fighting
 - Level 2.0 Short Blades
 + Level 8.6 Dodging
 + Level 14.6 Stealth
 - Level 6.0 Shields


You had 9 spell levels left.
You didn't know any spells.
Your spell library contained the following spells:

 Spells                   Type           Power      Damage    Failure   Level
 Call Canine Familiar     Summ           0%         N/A       63%         3
 Portal Projectile        Hex/Tloc       0%         N/A       63%         3
 Stone Arrow              Conj/Erth      0%         3d7       63%         3
 Tukima's Dance           Hex            0%         N/A       63%         3
 Leda's Liquefaction      Hex/Erth       0%         N/A       95%         4
 Passage of Golubria      Tloc           0%         N/A       95%         4
 Yara's Violent Unravell  Hex/Tmut       0%         3d3       100%        5
 Lehudib's Crystal Spear  Conj/Erth      0%         10d2      100%        8
 Animate Armour           Summ/Erth      Unusable   N/A       N/A         4

Dungeon Overview and Level Annotations

Branches:
Dungeon (8/15)             Temple (1/1) D:7
   Lair: D:8-11

Altars:
Ashenzari
Cheibriados
Dithmenos
Elyvilon
Gozag
Hepliaklqana
Makhleb
Nemelex Xobeh
Okawaru
Ru
Sif Muna
Trog
Uskayaw
Vehumet
Wu Jian
Xom
Yredelemnul
Zin
The Shining One

Shops:
D:3 (   D:6 *   D:7 *

Annotations:
D:8 3 runed translucent doors, Atlas's ghost, novice DsIE; bande's ghost, novice GrFi; lessens's ghost, novice FoVM; ytrimaz's ghost, novice FoFi


Innate Abilities, Weirdness & Mutations

You cannot wear most types of armour.
You are amphibious.
You can wear up to eight rings at the same time.
Your skin changes colour to match your surroundings (Stealth+).
Your rubbery body absorbs attacks. (AC +1, EV +1)
((You are camouflaged near water. (Stealth+)))
You have tentacles for arms and can constrict up to eight enemies at once.


Message History

You see here 12 stones.
You block the bullfrog's attack.
Things that are here:
a poisoned dart; a yak corpse The centaur shoots an arrow.
The arrow barely misses you.
You hit the bullfrog.
The bullfrog looks as sick as possible!
You grab the bullfrog.
The bullfrog is almost dead.
You constrict the bullfrog.
You kill the bullfrog!
Dithmenos accepts your kill.
The centaur shoots an arrow.
The arrow barely misses you.
The centaur shoots an arrow.
The arrow hits you!
* * * LOW HITPOINT WARNING * * *
The centaur unwields a +0 shortbow.
The centaur hits you.
* * * LOW HITPOINT WARNING * * *
The centaur completely misses you. The centaur closely misses you. x2
Okay, then.
As you read the scroll of fear, it crumbles to dust.
You assume a fearsome visage.
The yak looks frightened! x2
The centaur looks frightened!
The centaur gibbers meaninglessly.
Cornered, the centaur turns to fight!
Okay, then.
As you read the scroll of teleportation, it crumbles to dust.
You feel strangely unstable. You block the centaur's attack.
The centaur kicks you.
* * * LOW HITPOINT WARNING * * *
The centaur hits you.
* * * LOW HITPOINT WARNING * * *
The centaur kicks you but does no damage.
The centaur closely misses you. The centaur misses you.
The centaur wields a +0 shortbow.
The centaur shoots an arrow.
The arrow hits you!
* * * LOW HITPOINT WARNING * * *
The centaur shoots an arrow.
The arrow misses you.
The centaur shoots an arrow.
The arrow completely misses you.
The centaur shoots an arrow.
The arrow closely misses you.
The centaur shoots an arrow.
The arrow hits you!
You die...

#..###.....###..........#
...# #.###.(..Y..#.####.#
.>.# #.# ##†###..(## ...#
#.# #.# ##.## ...# #.#
#.# #.# .#.# #.# #(# #.#
...# #.# #(# #(# .### #.#
#.# #.# .# #.# #.# #@#
.#####.# #.# #.# .......#
#.# #.# ..###### #.# #c#
..# #.# #(## ### #.# #..#
..$ #.#####(# .W8# #...#
#Y# ..!# ###.# #.#


You could see a yak (fleeing) and a centaur (fast).

Vanquished Creatures
  A wyvern (D:8)
  Grum (D:8)
  3 yaks (D:8)
  3 steam dragons
  2 black bears (D:5)
  2 sky beasts
  An ice beast (D:6)
  2 wolves (D:8)
  6 necrophages
  A centaur (D:4)
  3 phantoms
  A kobold brigand (D:6)
  3 bullfrogs
  2 scorpions
  3 wights (D:7)
  A centaur zombie (D:6)
  4 hounds
  An orc priest (D:4)
  2 bullfrog skeletons
  Terence (D:2)
  An iguana (D:7)
  4 orc wizards
  A scorpion zombie (D:5)
  A killer bee zombie (D:7)
  A hound zombie (D:4)
  A hound skeleton (D:4)
  5 adders
  A howler monkey skeleton (D:4)
  2 shadow imps
  2 white imps (D:7)
  An adder zombie (D:5)
  An adder skeleton (D:4)
  A worm (D:2)
  2 dart slugs (D:4)
  16 orcs
  6 endoplasms
  6 giant cockroaches
  7 hobgoblins
  2 jackals (D:3)
  11 kobolds
  A quokka (D:4)
  10 ball pythons
  4 bats
  4 frilled lizards
  10 goblins
  8 rats
152 creatures vanquished.

Vanquished Creatures (others)
  20 fungi (D:8)
  17 plants (D:8)
37 creatures vanquished.

Grand Total: 189 creatures vanquished

Notes
Turn   | Place    | Note
-------+----------+-------------------------------------------
     0 | D:1      | zeram the Octopode Fighter began the quest for the Orb.
     0 | D:1      | Reached XP level 1. HP: 16/16 MP: 1/1
   136 | D:1      | Reached XP level 2. HP: 2/21 MP: 2/2
   710 | D:1      | Reached XP level 3. HP: 19/26 MP: 3/3
  1600 | D:2      | Found a faded altar of an unknown god.
  1895 | D:2      | Reached skill level 1 in Stealth
  2164 | D:3      | Noticed Terence
  2180 | D:2      | Killed Terence
  2181 | D:2      | Reached XP level 4. HP: 14/31 MP: 4/4
  2588 | D:3      | Noticed a necrophage
  2594 | D:3      | Killed a necrophage
  2595 | D:3      | Reached skill level 3 in Stealth
  2595 | D:3      | Reached XP level 5. HP: 15/36 MP: 5/5
  2769 | D:3      | Noticed a necrophage
  2779 | D:3      | Killed a necrophage
  2780 | D:3      | Reached skill level 5 in Dodging
  2780 | D:3      | Reached skill level 4 in Stealth
  2780 | D:3      | Reached XP level 6. HP: 28/42 MP: 6/6
  3053 | D:3      | Found Iziudiam's Antique Weapon Emporium.
  3569 | D:4      | Noticed a necrophage
  3579 | D:4      | Killed a necrophage
  3580 | D:4      | Reached skill level 5 in Stealth
  3784 | D:4      | Reached XP level 7. HP: 31/46 MP: 7/7
  3966 | D:4      | Reached skill level 6 in Stealth
  4371 | D:4      | Reached skill level 7 in Stealth
  5126 | D:4      | Reached skill level 8 in Stealth
  5126 | D:4      | Reached XP level 8. HP: 37/52 MP: 8/8
  5252 | D:5      | Entered Level 5 of the Dungeon
  5439 | D:5      | Reached skill level 9 in Stealth
  6070 | D:5      | Reached skill level 10 in Stealth
  6102 | D:5      | Found a hazy altar of Hepliaklqana.
  6502 | D:6      | Reached skill level 5 in Shields
  6616 | D:6      | Reached skill level 11 in Stealth
  6616 | D:6      | Reached XP level 9. HP: 38/56 MP: 9/9
  7165 | D:6      | Found Neapoibi's Assorted Antiques.
  7381 | D:7      | Reached skill level 12 in Stealth
  7393 | D:7      | Found a staircase to the Ecumenical Temple.
  7410 | Temple   | Entered the Ecumenical Temple
  7698 | Temple   | Became a worshipper of Dithmenos the Shadowed
  7839 | D:7      | Found a glowing silver altar of Zin.
  8057 | D:7      | Found Caytof's Elemental Accessories.
  9277 | D:8      | Reached skill level 13 in Stealth
  9370 | D:8      | Found a runed translucent gate.
  9370 | D:8      | Found a runed translucent gate.
  9370 | D:8      | Found a runed translucent gate.
  9372 | D:8      | Noticed bande's ghost (novice GrFi)
  9372 | D:8      | Noticed Atlas's ghost (novice DsIE)
  9375 | D:8      | Noticed ytrimaz's ghost (novice FoFi)
  9375 | D:8      | Noticed lessens's ghost (novice FoVM)
  9405 | D:8      | Noticed Grum
  9416 | D:8      | Killed Grum
  9813 | D:8      | Reached skill level 14 in Stealth
  9833 | D:8      | Reached XP level 10. HP: 33/63 MP: 10/10
  9889 | D:8      | Shot with an arrow by a centaur

Illustrated notes

Levels and vault maps discovered:
D:1:      dpeg_arrival_solitude, layout_rooms, chequers_serial_rivers_micro_b,
          st_stairs_7
D:2:      layout_basic, hellmonk_ecumenical_altar_prayer_group
D:3:      layout_basic, serial_shops, shop, chequers_arboretum, st_stairs_5,
          uniq_terence
D:4:      layout_basic, grunt_decor_cap, minmay_divided_ellipse
D:5:      layout_basic, nicolae_hepliaklqana_hippocampus
D:6:      layout_rooms, serial_shops, nicolae_take_the_stairs
D:7:      layout_loops_corners, mainiacjoe_overflow_alcove_4,
          minmay_temple_entry_sparse_star, nicolae_elemental_shop,
          minmay_misc_feat_more_columns
D:8:      layout_loops_ring, grunt_lair_entry_orc_guard_hut,
          gammafunk_ghost_cemetery, uniq_grum
Temple:   minmay_crystal_spiral_temple

Skill      XL: |  1  2  3  4  5  6  7  8  9 |
---------------+----------------------------+-----
Dodging        | 4 5 6 7 8 |  8.6
Stealth        | 1 3 4 5 8 11 14 | 14.6
Shields        | 4 5 6 |  6.0
Fighting       | |  3.0
Short Blades   | |  2.0

Action                   |  1- 3 |  4- 6 |  7- 9 | 10-12 || total
-------------------------+-------+-------+-------+-------++-------
Melee: Rapier            |    79 |    52 |       |       ||   131
       Constrict         |    19 |    17 |    42 |     3 ||    81
       Tentacles         |    11 |     8 |    43 |     1 ||    63
       Dagger            |       |     7 |   251 |    12 ||   270
Throw: Dart              |       |       |     2 |     4 ||     6
  Use: Scroll            |     4 |     5 |     5 |     2 ||    16
       Potion            |     1 |     1 |     7 |       ||     9
 Stab: Sleeping          |     4 |     8 |    21 |       ||    33
       Distracted        |       |       |     1 |       ||     1
Armor: Skin              |     5 |     1 |    17 |     1 ||    24
Dodge: Dodged            |    41 |    37 |   120 |    25 ||   223
Block: Buckler           |    14 |     6 |    44 |     4 ||    68

Table legend: (Time is in decaauts)
 A = Elapsed time spent in this place.
 B = Non-inter-level travel time spent in this place.
 C = Inter-level travel time spent in this place.
 D = Time resting spent in this place.
 E = Time spent auto-exploring this place.
 F = Levels seen in this place.
 G = Mean time per level.
                   A        B        C        D        E       F      G
               +--------+--------+--------+--------+--------+-----+--------+
         Total |   9877 |   9553 |    324 |   1701 |   6557 |   9 | 1097.4 |
       Dungeon |   9546 |   9307 |    239 |   1701 |   6328 |   8 | 1193.2 |
        Temple |    330 |    245 |     85 |      0 |    229 |   1 |  330.0 |
               +--------+--------+--------+--------+--------+-----+--------+

Top non-repeatable levels by time:
     D:4: 1679 daAuts
     D:6: 1338 daAuts
     D:3: 1245 daAuts
     D:7: 1239 daAuts
     D:2: 1210 daAuts
     D:1: 1123 daAuts
     D:5: 1062 daAuts
     D:8: 646 daAuts
  Temple: 330 daAuts
